 Dungeon Crawl Stone Soup version 0.23.0 (webtiles) character file.

Game seed: 9122624782255156002

121 tv1990 the Chopper (level 5, 0/42 HPs)
             Began as a Formicid Monk on Feb 11, 2019.
             Slain by a wyvern (11 damage)
             ... on level 4 of the Dungeon.
             The game lasted 00:06:10 (2272 turns).

tv1990 the Chopper (Formicid Monk)                  Turns: 2272, Time: 00:06:11

Health: 0/42       AC: 13    Str: 17    XL:     5   Next: 26%
Magic:  5/5        EV:  6    Int:  9    God:
Gold:   153        SH:  0    Dex: 13    Spells: 4/4 levels left

rFire    . . .     SeeInvis +   a - +0 hand axe
rCold    . . .     Gourm    .   (no shield)
rNeg     . . .     Faith    .   m - +0 plate armour
rPois    +         Spirit   .   (helmet unavailable)
rElec    .         Reflect  .   e - +1 cloak
rCorr    .         Harm     .   (no gloves)
MR       .....                  (no boots)
Stlth    ..........             n - amulet of rage
HPRegen  0.14/turn              o - ring of poison resistance
MPRegen  0.09/turn              (no ring)

@: no status effects
A: permanent stasis, dig shafts and tunnels, four strong arms, antennae 3
a: Dig, Shaft Self


You were on level 4 of the Dungeon.
You were not hungry.

You visited 1 branch of the dungeon, and saw 4 of its levels.

You collected 153 gold pieces.

Inventory:

Hand Weapons
 a - a +0 hand axe (weapon)
Armour
 b - a +0 robe
 e - a +1 cloak (worn)
 i - a +0 scale mail
 m - a +0 plate armour (worn)
Jewellery
 l - an uncursed ring of ice {unknown}
 n - an amulet of rage (around neck)
 o - a ring of poison resistance (left hand)
Scrolls
 j - a scroll of blinking
Potions
 d - a potion of heal wounds
 f - a potion of berserk rage
 h - 3 potions of curing {unknown}
 k - a potion of might
 q - a potion of invisibility
 t - 2 potions of lignification
 u - 2 potions of flight {unknown}
Comestibles
 c - 6 rations
 g - 6 chunks of flesh


   Skills:
 + Level 4.1 Fighting
 * Level 4.5 Axes
 + Level 2.1 Armour
 - Level 2.6 Dodging
 - Level 2.4 Stealth


You had 4 spell levels left.
You didn't know any spells.
Your spell library was empty.

Dungeon Overview and Level Annotations

Branches:
Dungeon (4/15)
 Temple: D:4-7

Altars:
Gozag
Yredelemnul
The Shining One


Innate Abilities, Weirdness & Mutations

You cannot be hasted, slowed, berserked, paralysed or teleported.
You can dig through walls and to a lower floor.
Your four strong arms can wield two-handed weapons with a shield.
You have a pair of large antennae on your head. (SInv)


Message History

Items here: ))) [ รทรท x2
Found a stone staircase leading down.
l - a moonstone ring You open the door.
A wyvern comes into view.
The wyvern hisses angrily.
The wyvern moves out of view.
No target in view!
Found a scroll of identify.
There is an open door here.
You closely miss the wyvern. The wyvern completely misses you.
You hit the wyvern but do no damage. The wyvern barely misses you.
The wyvern bites you!
You hit the wyvern. The wyvern bites you.
You closely miss the wyvern. The wyvern bites you. The wyvern bites you!
* * * LOW HITPOINT WARNING * * *
You hit the wyvern. The wyvern barely misses you. The wyvern bites you.
* * * LOW HITPOINT WARNING * * *
You closely miss the wyvern. The wyvern bites you!
You die...

..... .....
.....###+####
#..........#
#..........+
#..........#
#..........#
#..........##
######@#....#
......l.#....#
........#....# ..
........+....# ..
........#....# ..
#?#######....#########.
# #.............##.#
#.............#...
#.............#...


You could see a wyvern.

Vanquished Creatures
  3 adders
  An ooze (D:1)
  5 worms
  A dart slug (D:2)
  2 leopard geckos
  11 orcs
  2 giant cockroaches (D:2)
  5 goblins
  5 hobgoblins
  8 kobolds
  4 quokkas
  A ball python (D:2)
  3 bats
  4 frilled lizards
  6 rats
61 creatures vanquished.

Notes
Turn   | Place    | Note
-------+----------+-------------------------------------------
     0 | D:1      | tv1990 the Formicid Monk began the quest for the Orb.
     0 | D:1      | Reached XP level 1. HP: 18/18 MP: 1/1
   337 | D:1      | Reached XP level 2. HP: 24/24 MP: 2/2
   617 | D:1      | Reached skill level 1 in Armour
   770 | D:1      | Reached XP level 3. HP: 29/29 MP: 3/3
  1197 | D:2      | Reached XP level 4. HP: 37/37 MP: 4/4
  1211 | D:2      | Found a glowing golden altar of the Shining One.
  1382 | D:2      | Found a basalt altar of Yredelemnul.
  1388 | D:2      | Noticed an angel
  1651 | D:3      | Reached XP level 5. HP: 34/42 MP: 5/5
  1870 | D:3      | Found an opulent altar of Gozag.
  2265 | D:4      | Noticed a wyvern
  2272 | D:4      | Slain by a wyvern

Skill      XL: |  1  2  3  4 |
---------------+-------------+-----
Armour         | 1 2 |  2.1
Axes           | 4 |  4.5
Fighting       | 4 |  4.1
Dodging        | |  2.6
Stealth        | |  2.4

Action                   |  1- 3 |  4- 6 || total
-------------------------+-------+-------++-------
Melee: Hand axe          |    99 |   160 ||   259
 Abil: Dig               |       |     2 ||     2
  Use: Scroll            |       |    10 ||    10
  Eat: Chunk             |     1 |     4 ||     5
Armor: Robe              |     9 |       ||     9
       Plate armour      |    34 |    75 ||   109
       Scale mail        |     4 |       ||     4
Dodge: Dodged            |    49 |    48 ||    97

Levels and vault maps discovered:
D:1:      minmay_arrival_plants_in_alcoves, layout_basic
D:2:      layout_basic, grunt_temple_overflow_holy_war
D:3:      layout_rooms, grunt_gozag_breadcrumbs, first_ration, hex_large,
          chequers_serial_rivers_small_3
D:4:      layout_gridville, serial_shops, nicolae_shop_waterfront, shop, shop
